 Dungeon Crawl Stone Soup version 0.21.1-1-g345015fe64 (webtiles) character file.

126 Hibernaculum the Insei (level 4, 0/32 HPs)
             Began as a Demonspawn Transmuter on July 1, 2018.
             Killed from afar by an orc wizard (8 damage)
             ... with a puff of flame
             ... on level 2 of the Dungeon.
             The game lasted 00:05:26 (2911 turns).

Hibernaculum the Insei (Demonspawn Transmuter)      Turns: 2911, Time: 00:05:26

Health: 0/32       AC:  4    Str: 10    XL:     4   Next: 84%
Magic:  7/7        EV: 12    Int: 14    God:
Gold:   126        SH:  0    Dex: 15    Spells: 5/8 levels left

rFire    . . .     SeeInvis .     - Unarmed
rCold    . . .     Gourm    .   (no shield)
rNeg     . . .     Faith    .   b - +0 robe
rPois    .         Spirit   .   (no helmet)
rElec    .         Reflect  .   (no cloak)
rCorr    +         Harm     .   f - +1 pair of gloves
MR       .....                  (no boots)
Stlth    +.........             (no amulet)
HPRegen  0.10/turn              i - ring of resist corrosion
MPRegen  0.10/turn              (no ring)

@: confused
A: hooves 1, rot immunity
a: no special abilities


You were on level 2 of the Dungeon.
You were hungry.

You visited 1 branch of the dungeon, and saw 3 of its levels.

You collected 126 gold pieces.

Inventory:

Missiles
 a - 61 arrows
Armour
 b - a +0 robe (worn)
 f - a +1 pair of gloves (worn)
Jewellery
 i - a ring of resist corrosion (left hand)
Scrolls
 e - 3 scrolls of identify {unknown}
 g - 2 scrolls of teleportation {unknown}
 k - a scroll of fog {unknown}
 m - 2 scrolls of random uselessness {unknown}
 p - a scroll of blinking {unknown}
Potions
 h - a potion of flight {unknown}
 j - 2 potions of ambrosia {unknown}
 l - a potion of might {unknown}
 n - 2 potions of heal wounds {unknown}
 o - a potion of curing {unknown}
Books
 c - a book of Changes

   Spells                             Type                      Level
   a - Beastly Appendage              Transmutation                1
   b - Sticks to Snakes               Transmutation                2
   c - Spider Form                    Transmutation/Poison         3
   d - Ice Form                       Ice/Transmutation            4
   e - Blade Hands                    Transmutation                5
Comestibles
 d - 5 rations


   Skills:
 - Level 1.0 Fighting
 - Level 1.7 Dodging
 * Level 4.3 Unarmed Combat
 - Level 2.5 Spellcasting
 - Level 2.7 Transmutations


You had 5 spell levels left.
You knew the following spells:

 Your Spells              Type           Power        Failure   Level  Hunger
a - Beastly Appendage     Tmut           #.....       8%          1    #......
b - Sticks to Snakes      Tmut           #.......     11%         2    ###....


Dungeon Overview and Level Annotations

Branches:
Dungeon (3/15)

Altars:
Uskayaw


Innate Abilities, Weirdness & Mutations

You have large cloven feet.
You are immune to rotting.


Message History

You are more confused.
You bump into the rock wall.
The orc hits you with a hand axe.
You closely miss the orc wizard. Your kick misses the orc wizard.
The orc wizard is heavily wounded.
The orc wizard closely misses you. The orc hits you with a hand axe.
You hit the orc. Your kick misses the orc.
The orc is lightly wounded.
The orc wizard hits you but does no damage.
The orc hits you but does no damage.
You bump into the rock wall.
The orc wizard hits you but does no damage.
The orc completely misses you.
You bump into the rock wall.
The orc wizard barely misses you. The orc closely misses you.
The orc wizard hits you with a dagger.
* * * LOW HITPOINT WARNING * * *
The orc hits you but does no damage.
The orc wizard points at you and mumbles some strange words.
The puff of flame hits you!
You die...

................#..)# #.#####).##
#######.#...........# #.# #..## #
#.............# #.# #..## #
#)#.#.#####...# #.# #.<.. #
#.#.#.........# #.#####..##
#######.#.#######..## #.....#..#
........)....####..########....#
.###....#..#..o......# #..#.## .#
#....>.....o.@..#.# #..#.##
.###).###..........#.# #..#.##
......# #.[........#.# #..#...
.###..############.#.######......
.....<....# #...........#####
.###..###.# #..##########
......###.### #.## .##.........##
#.# #.#..###+###.## #.#


You could see an orc wizard and an orc.

Vanquished Creatures
  An orc wizard (D:3)
  4 adders
  An ooze (D:2)
  A worm (D:2)
  3 dart slugs
  2 leopard geckos (D:2)
  4 giant cockroaches
  5 goblins (D:2)
  8 hobgoblins
  6 jackals
  3 ball pythons
  A bat (D:1)
  3 frilled lizards (D:2)
  4 kobolds
  3 rats
  A butterfly (D:2)
50 creatures vanquished.

Notes
Turn   | Place    | Note
-------+----------+-------------------------------------------
     0 | D:1      | Hibernaculum the Demonspawn Transmuter began the quest for the Orb.
     0 | D:1      | Reached XP level 1. HP: 15/15 MP: 3/3
   370 | D:1      | Gained mutation: You are immune to rotting. [demonic ancestry]
   370 | D:1      | Reached XP level 2. HP: 7/21 MP: 3/5
  1151 | D:1      | Learned a level 2 spell: Sticks to Snakes
  1195 | D:1      | Gained mutation: You have large cloven feet. [demonic ancestry]
  1195 | D:1      | Reached XP level 3. HP: 12/26 MP: 6/6
  1427 | D:2      | Reached skill level 3 in Unarmed Combat
  1874 | D:2      | Reached XP level 4. HP: 32/32 MP: 7/7
  2344 | D:3      | Noticed a dagger
  2347 | D:3      | Noticed an enchanted hand axe
  2348 | D:3      | Found a hide-covered altar of Uskayaw.
  2430 | D:3      | Reached skill level 4 in Unarmed Combat
  2911 | D:2      | Killed from afar by an orc wizard

Skill      XL: |  1  2  3  4 |
---------------+-------------+-----
Transmutations | 2 |  2.7
Unarmed Combat | 3 4 |  4.3
Fighting       | |  1.0
Dodging        | |  1.7
Spellcasting   | |  2.5

Action                   |  1- 3 |  4- 6 || total
-------------------------+-------+-------++-------
Melee: Unarmed           |   112 |    74 ||   186
       Kick              |    15 |    13 ||    28
       Punch             |     1 |     1 ||     2
       Headbutt          |     9 |     6 ||    15
 Cast: Beastly Appendage |    15 |    12 ||    27
  Eat: Chunk             |     3 |     3 ||     6
Armor: Robe              |    22 |     9 ||    31
Dodge: Dodged            |    63 |    32 ||    95
